 Dungeon Crawl Stone Soup version 0.28.0-45-g0d030f2227 (webtiles) character file.

Game seed: 6414587772465203980

11937 zeratav the Grappler (level 11, -5/98 HPs)
             Began as an Octopode Transmuter on Apr 5, 2022.
             Was a Follower of Ashenzari.
             Slain by Snorg (18 damage)
             ... on level 12 of the Dungeon.
             The game lasted 00:34:15 (11859 turns).

zeratav the Grappler (Octopode Transmuter)         Turns: 11859, Time: 00:34:15

Health: -5/98      AC:  9    Str: 21    XL:     11   Next: 85%
Magic:  12/16      EV: 20    Int: 23    God:    Ashenzari [*.....]
Gold:   267        SH:  5    Dex: 10    Spells: 10/17 levels left

rFire   . . .      SeeInvis .     - Unarmed
rCold   + + +      Faith    .   (shield currently unavailable)
rNeg    . . .      Spirit   .   (helmet currently unavailable)
rPois   +          Reflect  +   E - amulet of reflection
rElec   +          Harm     .   a - +4 ring of evasion
rCorr   .          Rampage  .   b - ring of Nixol {rElec rC+ Will- Str-2 Int+8}
Will    ++...                   h - +4 ring of slaying
Stlth   +.........              k - ring of Ynuffeit {*Corrode rPois Will+ Str+7 Dex-3}
HPRegen 1.06/turn               t - +4 ring of evasion
MPRegen 0.15/turn               A - ring of Curses and Power {Fire, Self, Alch} (curse)
                                l - ring of willpower
                                y - ring of wizardry

@: ice-form
A: freezing attack, boosted hp, almost no armour, amphibious, 8 rings, large,
(camouflage 1), (gelatinous body 1), (nimble swimmer 1), (tentacles),
strong-willed 1, regeneration 1, strong 1
a: End Transformation, Renounce Religion, Curse Item, Shatter the Chains


You were on level 12 of the Dungeon.
You worshipped Ashenzari.
Ashenzari was aware of your devotion.
You were a creature of crystalline ice.
You visited 2 branches of the dungeon, and saw 13 of its levels.

You collected 592 gold pieces.
You spent 325 gold pieces at shops.

Inventory:

Hand Weapons
 s - the cursed +0 war axe of the Enlightened Gnosis (melded) {Elem, Alch}
   (You found it on level 5 of the Dungeon)

   It has a curse which improves the following skills: Elements: Fire Magic, Ice
   Magic, Air Magic and Earth Magic.
   Alchemy:   Poison Magic and Transmutations.
 C - a +5 war axe
Missiles
 n - 2 throwing nets
Jewellery
 a - a +4 ring of evasion (left front paw)
 b - the ring of Nixol (right front paw) {rElec rC+ Will- Str-2 Int+8}
   (You acquired it on level 3 of the Dungeon)

   [ring of protection from cold]

   Str:       It affects your strength (-2).
   Int:       It affects your intelligence (+8).
   rC:        It protects you from cold.
   rElec:     It insulates you from electricity.
   Will:      It decreases your willpower.
 h - a +4 ring of slaying (on tentacle)
 k - the ring of Ynuffeit (on tentacle) {*Corrode rPois Will+ Str+7 Dex-3}
   (You acquired it on level 3 of the Dungeon)

   [ring of willpower]

   Str:       It affects your strength (+7).
   Dex:       It affects your dexterity (-3).
   rPois:     It protects you from poison.
   *Corrode:  It may corrode you when you take damage.
   Will:      It increases your willpower.
 l - a ring of willpower (on tentacle)
 p - a ring of fire
 t - a +4 ring of evasion (on tentacle)
 y - a ring of wizardry (on tentacle)
 A - the cursed ring of Curses and Power (on tentacle) {Fire, Self, Alch}
   (You took it off an orc wizard on level 7 of the Dungeon)

   [ring of fire]

   It enhances your fire magic.
   rF:        It protects you from fire.
   rC:        It makes you vulnerable to cold.
   It has a curse which improves the following skills: Introspection: Fighting
   and Spellcasting.
   Alchemy:   Poison Magic and Transmutations.
 B - a ring of ice
 E - an amulet of reflection (around neck)
 G - a ring of willpower
Wands
 m - a wand of flame (34)
 r - a wand of charming (5)
Scrolls
 c - 8 scrolls of identify
 g - a scroll of fog
 j - 3 scrolls of teleportation
 u - 2 scrolls of enchant armour
 w - 2 scrolls of amnesia
Potions
 d - 3 potions of magic
 e - 5 potions of curing
 f - 3 potions of mutation
 i - 6 potions of heal wounds
 q - 3 potions of invisibility
 v - a potion of lignification
 x - a potion of cancellation
 z - a potion of attraction
 D - a potion of might
 F - a potion of berserk rage
 H - a potion of haste


   Skills:
 * Level 10.0(10.9) Fighting
 + Level 7.3 Dodging
 * Level 10.3 Unarmed Combat
 - Level 3.0(3.7) Spellcasting
 + Level 7.2(8.1) Transmutations
 - Level 5.9 Ice Magic
 + Level 3.0 Earth Magic


You had 10 spell levels left.
You knew the following spells:

 Your Spells              Type           Power      Damage    Failure   Level
a - Swiftness             Air            4%         N/A       13%         3
b - Ice Form              Ice/Tmut       36%        N/A       2%          4

Your spell library contained the following spells:

 Spells                   Type           Power      Damage    Failure   Level
 Beastly Appendage        Tmut           82%        N/A       1%          1
 Wereblood                Tmut           41%        N/A       1%          2
 Spider Form              Tmut/Pois      23%        N/A       2%          3
 Animate Skeleton         Necr           8%         N/A       4%          1
 Pain                     Necr           16%        1d4       4%          1
 Shock                    Conj/Air       16%        1d4       4%          1
 Blade Hands              Tmut           20%        N/A       4%          5
 Confusing Touch          Hex            4%         N/A       13%         3
 Dazzling Flash           Conj/Hex       8%         N/A       13%         3
 Vampiric Draining        Necr           4%         2d6       13%         3
 Yara's Violent Unravell  Hex/Tmut       11%        3d6       22%         5
 Airstrike                Air            2%         N/A       38%         4
 Agony                    Necr           4%         N/A       71%         5
 Silence                  Hex/Air        2%         N/A       71%         5
 Iron Shot                Conj/Erth      5%         9d2       96%         6
 Enfeeble                 Hex            2%         N/A       100%        7
 Animate Armour           Summ/Erth      Unusable   N/A       N/A         4

Dungeon Overview and Level Annotations

Branches:
Dungeon (12/15)            Temple (1/1) D:4
   Lair: D:8-11         Orc: D:9-12

Altars:
Ashenzari
Elyvilon
Fedhas
Gozag
Kikubaaqudgha
Makhleb
Nemelex Xobeh
Okawaru
Qazlal
Sif Muna
Trog
Vehumet
Wu Jian
Zin
The Shining One
Beogh

Shops:
D:1 *   D:8 =!!

Annotations:
D:4 3 runed translucent doors, NinjaNoafa's ghost, amateur MiHu
D:12 Snorg


Innate Abilities, Weirdness & Mutations

You are a creature of crystalline ice.
You have a powerful freezing melee attack.
Your maximum health is increased.
Your armour is entirely melded.
You are incapable of wielding weapons or throwing items.
You cannot wear most types of armour.
You are amphibious.
You can wear up to eight rings at the same time.
((Your skin changes colour to match your surroundings (Stealth+).))
((Your rubbery body absorbs attacks. (AC +1, EV +1)))
((You are camouflaged when in or above water. (Stealth+)))
((You have tentacles for arms and can constrict up to eight enemies at once.))
You are strong-willed. (Will+)
Your natural rate of healing is unusually fast.
Your muscles are strong. (Str +2)


Message History

There is a stone staircase leading down here.
You block the bullfrog's attack.
There is a stone staircase leading down here.
The bullfrog misses you.
The green ugly thing basks in the mutagenic energy from its kin and changes!
You climb downwards.
Found a +0 mace and 13 gold pieces.
There is a stone staircase leading up here.
Aiming: Charm
Press: ? - help, Q - select action, (/) - cycle Shift-Dir - straight line, f - bullfrog
Aim: a bullfrog (chance to affect: 49%)
The bullfrog is charmed.
Snorg barely misses you. Snorg claws you! Snorg claws you.
Snorg closely misses your bullfrog. Snorg claws your bullfrog.
Snorg claws your bullfrog!
Aiming: Charm
Press: ? - help, Q - select action, (/) - cycle Shift-Dir - straight line, f - gargoyle, p - bullfrog
Aim: a gargoyle, wielding a +0 flail (chance to affect: 31%)
The gargoyle is charmed.
Snorg closely misses your bullfrog. Snorg claws your bullfrog.
Snorg claws your bullfrog!
Your bullfrog dies!
You swap places.
Snorg goes berserk!
Your gargoyle barely misses Snorg.
You block Snorg's attack. x2; Snorg barely misses you.
Snorg completely misses you. Snorg claws you!
* * * LOW HITPOINT WARNING * * *
Snorg barely misses you.
Your gargoyle misses Snorg.
Your transformation is almost over.
There is a stone staircase leading up, spattered with blood here.
Casting: Ice Form (dangerous; 2% risk of failure)
Confirm with . or Enter, or press ? or * to list all spells.
You extend your transformation's duration.
Snorg closely misses you. Snorg claws you!
* * * LOW HITPOINT WARNING * * *
Snorg claws you!
* * * LOW HITPOINT WARNING * * *
The vampire misses you. You block the vampire's attack.
Snorg closely misses you. Snorg claws you!!
You die...

.... ....
.....##...
#........# .
.........### ..
...........## ...
............# ....
............#.....
........T.........
$.....)YV9......#.
..................
.................#
.................#
...............#..
...............# .
....#........###
...##.......##


You could see Snorg (berserk), a vampire and a friendly gargoyle (charmed).

Vanquished Creatures
  Harold (D:8)
  Erica (D:10)
  A two-headed ogre (D:9)
  Nergalle (D:10)
  An ugly thing (D:9)
  A manticore (D:11)
  Maurice (D:10)
  3 centaur zombies
  Joseph (D:7)
  A troll (D:10)
  A hornet (D:10)
  A wraith (D:9)
  A shadow (D:9)
  Eustachio (D:4)
  16 yaks
  2 water moccasins
  2 sky beasts
  A black bear (D:6)
  2 ice beasts (D:5)
  4 orc warriors
  4 centaurs
  An ogre (D:4)
  A phantom (D:7)
  5 kobold brigands
  4 bullfrogs
  A wyvern zombie (D:8)
  3 scorpions
  A wyvern skeleton (D:6)
  2 water moccasin skeletons (D:5)
  6 howler monkeys
  10 wights
  A crimson imp (D:4)
  3 hounds
  A bullfrog zombie (D:6)
  2 jellies
  4 orc priests
  2 gnoll shamans (D:6)
  2 iguanas
  5 orc wizards
  A killer bee zombie (D:7)
  A hound skeleton (D:4)
  10 adders
  12 gnolls
  A white imp (D:4)
  An ufetubus (D:5)
  An adder skeleton (D:4)
  A worm (D:4)
  6 dart slugs
  36 orcs
  4 bats
  9 endoplasms
  3 giant cockroaches
  10 goblins
  7 hobgoblins
  2 jackals (D:3)
  26 kobolds
  3 quokkas
  9 ball pythons
  7 frilled lizards
  11 rats
262 creatures vanquished.

Vanquished Creatures (others)
  A bullfrog (D:12)
  54 fungi
  39 plants
94 creatures vanquished.

Grand Total: 356 creatures vanquished

Notes
Turn   | Place    | Note
-------+----------+-------------------------------------------
     0 | D:1      | zeratav the Octopode Transmuter began the quest for the
                  | Orb.
     0 | D:1      | Reached XP level 1. HP: 13/13 MP: 3/3
    23 | D:1      | Found Vovofaecs's Assorted Antiques.
   118 | D:1      | Reached XP level 2. HP: 18/18 MP: 5/5
   540 | D:1      | Reached XP level 3. HP: 20/24 MP: 6/6
  1358 | D:2      | Found a blossoming altar of Fedhas.
  1478 | D:2      | Reached XP level 4. HP: 28/29 MP: 5/7
  1517 | D:2      | Identified the +3 leather armour of Hysteria {MP+9 Dex+3}
  2096 | D:2      | Reached skill level 1 in Ice Magic
  2111 | D:2      | Reached XP level 5. HP: 26/35 MP: 8/8
  2363 | D:3      | Identified a scroll of acquirement
  2363 | D:3      | Acquired the ring of Nixol {rElec rC+ Will- Str-2 Int+8}
  2398 | D:3      | Learned a level 4 spell: Ice Form
  2455 | D:3      | Found a glowing silver altar of Zin.
  2455 | D:3      | Found an ornate altar of the Wu Jian Council.
  3007 | D:3      | Acquired the ring of Ynuffeit {*Corrode rPois Will+ Str+7
                  | Dex-3}
  3133 | D:3      | Found a faded altar of an unknown god.
  3304 | D:4      | Reached XP level 6. HP: 35/42 MP: 7/9
  3454 | D:4      | Found an iron altar of Okawaru.
  3850 | D:4      | Noticed Eustachio
  3861 | D:4      | Killed Eustachio
  3862 | D:4      | Reached XP level 7. HP: 39/47 MP: 11/11
  3949 | D:4      | Found a staircase to the Ecumenical Temple.
  3965 | Temple   | Entered the Ecumenical Temple
  3977 | Temple   | Became a worshipper of Ashenzari the Shackled
  4367 | D:4      | Found a runed translucent gate.
  4373 | D:4      | Found a runed translucent gate.
  4374 | D:4      | Found a runed translucent gate.
  4376 | D:4      | Noticed NinjaNoafa's ghost (amateur MiHu)
  4383 | D:5      | Entered Level 5 of the Dungeon
  4569 | D:5      | Reached skill level 5 in Unarmed Combat
  4954 | D:5      | Reached XP level 8. HP: 54/54 MP: 10/12
  5220 | D:5      | Found a shimmering blue altar of Sif Muna.
  5867 | D:6      | Identified the cursed +0 war axe of the Enlightened Gnosis
                  | {Elem, Alch} (You found it on level 5 of the Dungeon)
  5936 | D:6      | Reached skill level 5 in Fighting
  6091 | D:6      | Found a white marble altar of Elyvilon.
  6887 | D:6      | Reached XP level 9. HP: 62/62 MP: 9/13
  7469 | D:7      | Noticed Joseph
  7480 | D:7      | Killed Joseph
  7851 | D:7      | Reached skill level 5 in Dodging
  7973 | D:7      | Reached skill level 5 in Transmutations
  8036 | D:7      | Found a runed translucent door.
  8403 | D:7      | Gained mutation: Your muscles are strong. (Str +2) [potion
                  | of mutation]
  8403 | D:7      | Gained mutation: Your natural rate of healing is unusually
                  | fast. [potion of mutation]
  8403 | D:7      | Gained mutation: You are strong-willed. (Will+) [potion of
                  | mutation]
  8456 | D:8      | Found Yxesedde's Distillery.
  8508 | D:8      | Found Foshuaq's Distillery.
  8522 | D:8      | Bought a potion of heal wounds for 50 gold pieces
  8687 | D:8      | Found Moergh's Jewellery Shoppe.
  8694 | D:8      | Reached XP level 10. HP: 71/71 MP: 14/14
  8698 | D:8      | Bought a ring of willpower for 275 gold pieces
  8751 | D:8      | Noticed Harold
  8761 | D:8      | Killed Harold
  8762 | D:8      | Reached skill level 5 in Ice Magic
  9001 | D:8      | Found a sparkling altar of Nemelex Xobeh.
  9171 | D:9      | Found an ancient bone altar of Kikubaaqudgha.
  9474 | D:9      | Noticed a two-headed ogre
  9483 | D:9      | Killed a two-headed ogre
  9524 | D:9      | Noticed a red ugly thing
  9527 | D:9      | Learned a level 3 spell: Swiftness
  9535 | D:9      | Killed a red ugly thing
  9536 | D:9      | Reached XP level 11. HP: 41/78 MP: 15/15
  9594 | D:9      | Reached * piety under Ashenzari
 10008 | D:10     | Entered Level 10 of the Dungeon
 10097 | D:10     | Noticed Erica
 10109 | D:10     | Killed Erica
 10110 | D:10     | Reached skill level 1 in Earth Magic
 10421 | D:10     | Identified the +3 quarterstaff "Dauwnawk" {drain, rPois rC-
                  | Dex+4}
 10642 | D:10     | Noticed Maurice
 10647 | D:10     | Killed Maurice
 10807 | D:10     | Reached skill level 10 in Unarmed Combat
 10819 | D:10     | Found a burning altar of Makhleb.
 10876 | D:10     | Noticed Nergalle
 10886 | D:10     | Killed Nergalle
 10994 | D:10     | Found a stormy altar of Qazlal.
 11286 | D:11     | Noticed a manticore
 11292 | D:11     | Killed a manticore
 11296 | D:11     | Reached skill level 10 in Fighting
 11489 | D:11     | Noticed a rakshasa
 11837 | D:11     | Noticed a green ugly thing
 11849 | D:12     | Noticed Snorg
 11859 | D:12     | Slain by Snorg

Illustrated notes

Levels and vault maps discovered:
D:1:      dpeg_arrival_lava_temple_mockup, layout_basic, serial_shops,
          nicolae_shop_advertising_works [nicolae_subvault_shop_adworks],
          minmay_misc_feat_cross
D:2:      layout_loops_corners, basic_altar
D:3:      layout_basic, chequers_temple_overflow_statue_of_worship,
          shapermc_ecumenical_altar_ellora
D:4:      layout_basic, mainiacjoe_overflow_concentric_impassable,
          minmay_temple_entry_statues, gammafunk_ghost_necromancy,
          minmay_fire_ice_demons, uniq_eustachio
D:5:      layout_basic, lemuel_crystal_altar
D:6:      layout_loops_ring, nicolae_overflow_crystal_walls,
          nicolae_concentric_dashed_squares_wild,
          eino_small_chamber_without_monster
D:7:      layout_cave_pools, lightli_church_of_beogh, uniq_joseph
D:8:      layout_basic, nemelex_diamond_rough_becter, serial_shops,
          nicolae_shop_competitors_out_of_business, shop_statue, shop_statue,
          uniq_harold
D:9:      layout_long_grid, mainiacjoe_overflow_catwalk
D:10:     layout_basic, nicolae_qazlal_style_of_elements,
          lightli_temple_of_fire, uniq_maurice, uniq_erica, uniq_nergalle
D:11:     layout_loops_ring, due_lair_maze_entry_diamond, tso_metal_star
D:12:     layout_cave_pools, david_orc_5, st_stairs_9, uniq_snorg, uniq_frances
Temple:   dshaligram_water_room_temple

Skill      XL: |  1  2  3  4  5  6  7  8  9 10 11 |
---------------+----------------------------------+-----
Fighting       | 2 3 4 5 7 8 10 | 10.0
Ice Magic      | 1 2 3 4 5 |  5.9
Unarmed Combat | 4 5 6 7 9 10 | 10.3
Dodging        | 3 4 5 6 7 |  7.3
Spellcasting   | 3 |  3.0
Transmutations | 3 4 5 6 7 |  7.2
Earth Magic    | 3 |  3.0

Action                   |  1- 3 |  4- 6 |  7- 9 | 10-12 || total
-------------------------+-------+-------+-------+-------++-------
Melee: Unarmed           |    77 |   102 |   222 |   193 ||   594
       Tentacles         |    15 |    22 |    15 |       ||    52
       Kick              |    16 |    27 |     9 |       ||    52
       Constrict         |    16 |    29 |    11 |     2 ||    58
       Punch             |     1 |     4 |     4 |       ||     9
       War axe           |       |       |     3 |     2 ||     5
 Cast: Beastly Appendage |    21 |    27 |    14 |     2 ||    64
       Ice Form          |       |       |    27 |    25 ||    52
       Swiftness         |       |       |       |     1 ||     1
Invok: Curse Item        |       |       |     1 |     1 ||     2
Evoke: Wand              |       |       |       |     2 ||     2
  Use: Scroll            |       |     5 |    13 |     2 ||    20
       Potion            |       |       |     1 |       ||     1
 Stab: Sleeping          |     5 |     8 |       |       ||    13
Armor: Skin              |     3 |     5 |    41 |    24 ||    73
Dodge: Dodged            |    53 |    64 |   156 |   138 ||   411
Block: Other             |       |       |       |    22 ||    22
